AoeStats
← pere12

Arabia

503588346Analyzed
1v1 RM · 1mo ago on Sep 1, 2026· 42m 41s· 2 players
Game mode
Random Map
Map size
Tiny (2 player)
Population
200
Speed
Normal
Resources
Standard
Victory
Conquest
Starting age
Dark Age
Ending age
Imperial Age
RankedLock teamsTeams togetherTeam positionsShared explorationLock speedFull tech treeHidden civsTurbo modeCheats
Victory
Defeat
🇷🇺 Lithuanians · Russia
460
+5
🇵🇹 Portuguese · Portugal
173
-5
Tseet258
12:21 Feudal Age
12:52 Double-Bit Axe
12:50 Horse Collar
19:00 Loom
23:13 Castle Age
21:33 Gold Mining
21:59 Stone Mining
25:45 Heavy Plow
25:59 Bow Saw
27:18 Wheelbarrow
26:29 Town Watch
30:06 Forging
29:58 Scale Mail Armor
31:34 Town Patrol
34:24 Hand Cart
34:54 Pikeman
pere12
12:42 Feudal Age
18:25 Horse Collar
26:46 Castle Age
26:05 Bloodlines
25:45 Arson
26:12 Scale Barding Armor
29:28 Loom
30:37 Gold Mining
30:41 Stone Mining
30:30 Light Cavalry
31:11 Husbandry
32:40 Wheelbarrow
31:51 Town Watch
32:57 Double-Bit Axe
34:20 Chain Barding Armor
38:12 Hand Cart
37:58 Town Patrol
38:47 Bow Saw
41:19 Imperial Age
40:37 Pikeman
41:17 Squires
42:17 Halberdier
Connection lost

Rejoining the realm…

Still unreachable

The connection could not be restored.

Session expired

The server has moved on; the page needs a fresh start.